Map: Imperio eterno EJ

Players

Leavage - Winner!

  • Race: Terran Terran
  • League: Platinum
  • Spawn Location: 7:00

KaizzerVanAs

  • Race: Zerg Zerg
  • League: Platinum
  • Spawn Location: 1:00

VOD

Have the link to the VOD?

Description

Time

  • Played on: Aug. 4, 2020, 8:58 p.m.
  • Length: 16:57
Show
View Real Time Build Order
Export as new Build Order

Leavage Terran - Winner!

Build Orders: Reaper Expand, Hellion Banshee 

Get SALT Encoding   

  12  0:00  SCV  
  13  0:12  SCV  
  14  0:17  Supply Depot  
  14  0:24  SCV  
  15  0:39  SCV  
  15  0:42  Barracks  
  16  0:48  Refinery  
  16  0:51  SCV  
  17  1:03  SCV  
  18  1:15  SCV  
  19  1:31  Orbital Command  
  19  1:32  Reaper  
  20  1:42  Command Center  
  20  1:56  Supply Depot  
  20  2:03  SCV  
  20  2:04  Marine  
  22  2:10  Factory  
  22  2:15  SCV  
  23  2:20  Refinery  
  23  2:27  SCV  
  24  2:32  Barracks Reactor  
  24  2:39  SCV  
  25  2:51  SCV  
  25  2:56  Orbital Command  
  25  2:58  Bunker  
  26  3:03  SCV  
  27  3:12  Starport  
  27  3:32  SCV x2  
  29  3:40  Hellion x2  
  33  3:44  SCV, Marine  
  32  3:52  Orbital Command  
  34  3:58  Starport Tech Lab  
  34  4:02  Hellion x2  
  35  4:03  SCV  
  34  4:16  SCV  
  35  4:19  Supply Depot  
  35  4:20  Banshee  
  35  4:21  Cloaking Field  
  42  4:24  Hellion x2  
  42  4:32  SCV x2  
  42  4:37  Bunker  
  44  4:43  Orbital Command  
  44  4:45  SCV, Hellion x2  
  49  4:57  SCV  
  54  5:07  Hellion x2  
  54  5:08  Supply Depot  
  54  5:30  SCV x2, Banshee  
  59  5:38  Supply Depot  
  59  5:42  SCV x2  
  61  5:54  SCV  
  62  6:00  SCV  
  63  6:06  Armory  
  63  6:17  Factory Reactor  
  60  6:26  SCV x2  
  60  6:29  Refinery  
  60  6:30  Marine  
  60  6:31  Marine  
  64  6:33  Starport Reactor  
  64  6:37  Barracks  
  64  6:39  SCV  
  65  6:42  Supply Depot  
  65  6:46  SCV  
  65  6:47  Refinery  
  66  6:52  SCV  
  67  6:58  SCV  
  66  7:07  SCV  
  67  7:13  Marine x2, Medivac x2  
  67  7:15  Command Center  
  73  7:21  Factory Tech Lab  
  73  7:24  Barracks  
  73  7:26  Barracks  
  73  7:30  Barracks  
  73  7:39  SCV  
  73  7:40  SCV  
  75  7:45  Siege Tank  
  78  7:52  Stimpack  
  78  7:59  SCV, Marine x2, Medivac x2  
  78  8:03  SCV  
  78  8:05  Supply Depot  
  86  8:06  Supply Depot  
  86  8:08  Supply Depot  
  86  8:11  Engineering Bay  
  86  8:13  Engineering Bay  
  86  8:15  Terran Vehicle Weapons Level 1  
  86  8:25  Barracks Reactor x2  
  86  8:26  SCV x2, Marine x4  
  92  8:28  Orbital Command  
  92  8:38  SCV  
  92  8:39  Marine  
  92  8:40  Terran Infantry Weapons Level 1, Terran Infantry Armor Level 1  
  94  8:43  Siege Tank  
  94  8:44  Marine x2  
  99  8:51  SCV x2  
  99  8:52  Marine x2  
  99  8:55  SCV  
  104  8:56  Marine  
  105  9:05  Supply Depot  
  105  9:10  SCV x2  
  105  9:12  Supply Depot  
  105  9:16  Orbital Command  
  107  9:19  Marine x9  
  107  9:22  SCV  
  107  9:24  Siege Tank, Refinery  
  120  9:25  Medivac  
  120  9:27  Medivac  
  120  9:29  Refinery  
  124  9:33  Supply Depot  
  124  9:36  Supply Depot  
  124  9:42  SCV x2  
  126  9:47  Marine x7  
  126  9:48  Marine  
  132  10:19  SCV x2  
  132  10:20  Marine  
  132  10:21  Marine x7  
  140  10:22  Marine  
  143  10:36  SCV x2  
  143  10:38  Siege Tank  
  143  10:39  Medivac  
  143  10:40  Medivac  
  152  10:52  SCV  
  152  10:53  Marine x2  
  152  10:54  Terran Infantry Armor Level 2, Marine x2, Terran Infantry Weapons Level 2  
  157  11:05  Command Center  
  157  11:08  Supply Depot  
  157  11:09  Supply Depot  
  157  11:13  Supply Depot  
  157  11:26  Marine  
  157  11:29  Marine  
  157  11:30  Widow Mine, Marine x7  
  164  11:44  Combat Shield, Marine  
  165  11:47  Marine  
  165  11:51  Marine x5  
  165  11:52  Marine  
  156  11:56  Missile Turret  
  156  11:57  Missile Turret  
  156  12:03  Missile Turret  
  156  12:04  Missile Turret  
  156  12:05  Missile Turret x3  
  156  12:06  Marine x2  
  136  12:36  Marine x2  
  136  12:37  Marine x7  
  99  12:54  Marine x7  
  99  12:55  Marine x2  
  99  12:57  Siege Tank, Medivac  
  99  12:58  Medivac  
  96  13:08  SCV x3  
  96  13:10  Planetary Fortress  
  96  13:12  Marine x2  
  101  13:14  Terran Vehicle Weapons Level 2  
  101  13:16  Marine x2  
  101  13:17  Marine x4  
  101  13:18  Terran Infantry Armor Level 3, Terran Infantry Weapons Level 3  
  101  13:19  Marine  
  108  13:23  SCV  
  108  13:24  SCV  
  110  13:27  Medivac  
  110  13:28  Medivac  
  110  13:29  Siege Tank  
  110  13:30  Marine x2  
  119  13:46  Missile Turret  
  116  13:57  Viking  
  118  14:04  Marine  
  118  14:05  Marine x2  
  121  14:11  SCV x2, Missile Turret  
  121  14:15  Marine x4  
  121  14:16  Marine x2  
  129  14:22  Marine x2  
  129  14:23  Marine  
  132  14:30  SCV x2  
  134  14:31  Supply Depot x2  
  134  14:33  Marine x2  
  134  14:34  SCV  
  134  14:35  Marine  
  134  14:36  Marine x3  
  134  14:37  Siege Tank  
  134  14:38  Medivac x2  
  148  14:40  Marine  
  148  14:42  SCV, Factory  
  150  14:55  Supply Depot  
  150  14:58  Supply Depot  
  150  15:03  Missile Turret  
  150  15:07  Marine x4  
  150  15:08  Marine x5  
  150  15:09  Siege Tank  
  150  15:11  Medivac x2  
  166  15:25  Marine x4  
  170  15:28  Missile Turret  
  170  15:31  Missile Turret  
  170  15:33  SCV x2  
  170  15:34  Marine x4  
  176  15:49  Missile Turret  
  176  15:51  Siege Tank  
  176  15:52  Medivac x2  
  176  15:55  Command Center  
  166  16:13  Marine x3  
  166  16:14  Marine x6  
  165  16:31  Marine x2  
Show
View Real Time Build Order
Export as new Build Order

KaizzerVanAs Zerg 

Build Orders: Hatch First 

Get SALT Encoding   

  12  0:00  Drone  
  13  0:13  Overlord  
  13  0:18  Drone  
  14  0:32  Drone x2  
  16  0:50  Hatchery  
  16  0:53  Drone  
  16  0:57  Drone  
  17  1:07  Extractor  
  16  1:14  Spawning Pool  
  16  1:16  Drone  
  16  1:20  Drone  
  17  1:27  Drone  
  18  1:33  Drone  
  19  1:41  Drone  
  20  1:51  Drone  
  21  2:01  Overlord  
  21  2:03  Zergling x2  
  21  2:05  Queen  
  21  2:06  Queen  
  26  2:14  Zergling x2  
  26  2:15  Zergling x2  
  28  2:18  Metabolic Boost  
  28  2:26  Drone  
  28  2:28  Drone  
  30  2:34  Zergling x2  
  31  2:50  Zergling x2  
  31  2:51  Zergling x4  
  34  2:55  Zergling x2  
  35  3:13  Drone  
  35  3:15  Overlord  
  32  3:44  Zergling x10  
  37  4:00  Drone x2  
  39  4:04  Hatchery  
  35  4:21  Queen  
  35  4:22  Lair  
  37  4:25  Roach Warren  
  37  4:30  Drone x3, Baneling Nest  
  37  4:31  Extractor  
  37  4:33  Drone x3  
  37  4:34  Drone x2  
  37  4:35  Drone  
  43  4:39  Extractor  
  43  4:41  Drone  
  43  4:44  Extractor  
  42  4:46  Drone  
  42  4:47  Overlord  
  42  4:48  Overlord  
  43  5:05  Spore Crawler  
  42  5:08  Spore Crawler  
  42  5:12  Spore Crawler  
  40  5:16  Spine Crawler  
  40  5:19  Roach x4  
  47  5:21  Glial Reconstitution  
  47  5:25  Drone x3  
  47  5:26  Drone  
  47  5:27  Drone x2  
  53  5:29  Drone  
  54  5:53  Queen  
  56  5:57  Roach x4  
  64  6:05  Evolution Chamber  
  64  6:10  Evolution Chamber  
  62  6:13  Drone x3  
  62  6:28  Queen  
  64  6:34  Drone x2  
  64  6:36  Overlord x3  
  66  6:44  Spore Crawler x2  
  66  6:47  Spore Crawler  
  63  6:48  Drone  
  64  6:54  Drone x2  
  61  7:05  Roach x3  
  67  7:13  Drone x3  
  70  7:18  Spore Crawler  
  69  7:26  Drone x4  
  73  7:36  Drone x4  
  77  7:47  Roach x3  
  77  7:48  Roach  
  85  7:54  Zerg Ground Armor Level 1  
  85  7:57  Drone x2  
  87  8:02  Drone x2  
  87  8:04  Overlord  
  89  8:18  Spire  
  88  8:22  Roach  
  88  8:23  Roach x3  
  88  8:25  Overlord  
  96  8:28  Overlord  
  96  8:30  Drone  
  97  8:36  Spine Crawler  
  97  8:39  Spine Crawler  
  97  8:40  Drone x2  
  97  8:45  Drone x3  
  100  8:52  Zerg Missile Weapons Level 1  
  100  8:56  Drone x3  
  100  9:00  Drone x2  
  100  9:01  Drone x2  
  107  9:18  Queen  
  109  9:26  Ravager  
  109  9:27  Ravager x3  
  113  9:38  Overlord  
  113  9:39  Overlord x5  
  113  9:42  Overlord x3  
  113  10:00  Corruptor  
  113  10:01  Corruptor x2  
  113  10:05  Zerg Ground Armor Level 2  
  113  10:06  Corruptor  
  113  10:07  Corruptor x4  
  129  10:26  Mutalisk x3  
  129  10:27  Mutalisk x2  
  139  10:33  Mutalisk x3  
  139  10:34  Mutalisk  
  147  10:43  Overseer  
  147  10:51  Extractor  
  147  10:53  Extractor  
  145  10:58  Zergling x4  
  145  10:59  Zergling x6  
  145  11:01  Zergling x8  
  145  11:02  Zergling x4  
  145  11:04  Zergling x16  
  159  11:05  Zergling x12  
  168  11:56  Mutalisk x5  
  168  11:57  Mutalisk  
  168  12:01  Zergling x10  
  183  12:02  Overlord  
  183  12:03  Overlord  
  183  12:04  Overlord  
  185  12:20  Queen  
  91  13:13  Roach x5  
  91  13:15  Roach x3  
  91  13:16  Roach x5  
  115  13:24  Drone  
  116  13:28  Mutalisk x5  
  116  13:29  Mutalisk x3  
  116  13:32  Zerg Flyer Weapons Level 1  
  132  13:40  Overseer x2  
  132  13:41  Overlord x3  
  132  13:57  Hatchery  
  131  14:17  Mutalisk  
  131  14:18  Mutalisk x6  
  131  14:22  Roach x4, Zergling x4  
  155  14:26  Drone x5  
  155  14:27  Drone x4  
  164  14:38  Extractor  
  163  14:48  Extractor  
  162  14:58  Zergling x4  
  162  14:59  Zergling x8  
  168  15:07  Zergling x6, Baneling Nest  
  168  15:08  Zergling x2  
  171  15:34  Zergling x2, Hatchery  
  171  15:35  Zergling x4  
  173  15:40  Infestation Pit  
  172  15:54  Zergling x14  
  172  15:55  Zergling x16  
  172  15:56  Extractor  
  186  16:00  Extractor  
  130  16:17  Baneling x5  
  130  16:18  Baneling x5  
  70  16:37  Roach  
  70  16:38  Roach  
Tags
 
Add a new tag
Caveats
  • Supply blocks, unpowered buildings, or Contaminate may cause inaccurate times.
  • Supply counts are checked every 10 seconds.